 Dungeon Crawl Stone Soup version 0.25-b1-46-gb8a1ec05df (webtiles) character file.

Game seed: 14670993467637079417

16083 gruber the Fighter (level 12, -6/85 HPs)
             Began as a Gargoyle Gladiator on June 11, 2020.
             Was a Priest of Fedhas.
             Mangled by a five-headed hydra (11 damage)
             ... on level 11 of the Dungeon.
             The game lasted 00:24:22 (13746 turns).

gruber the Fighter (Gargoyle Gladiator)            Turns: 13746, Time: 00:24:22

Health: -6/85      AC: 21    Str: 23    XL:     12   Next: 33%
Magic:  16/16      EV: 12    Int: 12    God:    Fedhas [***...]
Gold:   590        SH:  0    Dex: 17    Spells: 12/17 levels left

rFire    + . .     SeeInvis .   m - +1 hunting sling (vorpal)
rCold    + . .     Gourm    .   (no shield)
rNeg     + + .     Faith    .   H - +1 ring mail of the Apothecary {*Slow rPois rN+ Int+3}
rPois    ∞         Spirit   .   c - +0 helmet
rElec    +         Reflect  .   p - scarf {rC+ rF+}
rCorr    .         Harm     .   (no gloves)
MR       .....                  V - +2 pair of boots
Stlth    +.........             l - amulet of magic regeneration
HPRegen  0.24/turn              D - +6 ring of dexterity
MPRegen  0.40/turn              (no ring)

@: no status effects
A: negative energy resistance 1, electricity resistance, unbreathing,
petrification resistance, rot immunity, AC +8
a: Wall of Briars, Grow Ballistomycete, Renounce Religion


You were on level 11 of the Dungeon.
You worshipped Fedhas.
Fedhas was most pleased with you.
You were not hungry.

You visited 2 branches of the dungeon, and saw 12 of its levels.

You collected 824 gold pieces.
You spent 234 gold pieces at shops.

Inventory:

Hand Weapons
 a - a +0 quarterstaff
 m - a +1 vorpal hunting sling (weapon)
 z - a +2 flail of protection
 J - the cursed +0 rapier of Mef Ylyn {venom, rN+ SInv}
   (You found it on level 8 of the Dungeon)

   It poisons the flesh of those it strikes.
   It protects you from negative energy.
   It lets you see invisible.
   It has a curse placed upon it.
 K - a +4 quarterstaff of chaos
Missiles
 d - 3 throwing nets
 n - 155 stones (quivered)
 C - 84 sling bullets
Armour
 b - a +0 leather armour
 c - a +0 helmet (worn)
 p - a scarf of resistance (worn)
 H - the +1 ring mail of the Apothecary (worn) {*Slow rPois rN+ Int+3}
   (You found it on level 8 of the Dungeon)

   It affects your intelligence (+3).
   It protects you from poison.
   It protects you from negative energy.
   It may slow you when you take damage.
 V - a +2 pair of boots (worn)
Jewellery
 l - an amulet of magic regeneration (around neck)
 y - an uncursed ring of ice
 D - a +6 ring of dexterity (left hand)
 R - an uncursed ring of flight {unknown}
 T - an uncursed ring of wizardry
Wands
 u - a wand of digging (7)
 w - a wand of polymorph (13)
 G - a wand of enslavement (11)
Scrolls
 h - a scroll of enchant armour {unknown}
 j - 8 scrolls of identify
 o - 10 scrolls of remove curse {unknown}
 q - 6 scrolls of fog {unknown}
 r - 2 scrolls of fear {unknown}
 t - 4 scrolls of teleportation {unknown}
 v - 2 scrolls of blinking {unknown}
 x - a scroll of enchant weapon {unknown}
 E - 3 scrolls of magic mapping {unknown}
 F - a scroll of random uselessness {unknown}
 O - a scroll of torment {unknown}
 P - a scroll of vulnerability {unknown}
 S - a scroll of immolation {unknown}
Potions
 e - 5 potions of might
 g - 4 potions of curing
 i - 3 potions of brilliance {unknown}
 k - 5 potions of degeneration
 s - 2 potions of lignification {unknown}
 A - a potion of cancellation {unknown}
 B - 2 potions of flight {unknown}
 I - 3 potions of stabbing {unknown}
 L - a potion of heal wounds {unknown}
 M - a potion of magic {unknown}
 N - a potion of haste
 Q - 2 potions of berserk rage {unknown}
Miscellaneous
 U - 2 phantom mirrors
Comestibles
 f - 22 rations


   Skills:
 - Level 14.2 Fighting
 - Level 6.5 Staves
 - Level 7.0(7.1) Slings
 - Level 1.7(4.7) Throwing
 - Level 9.0 Armour
 - Level 2.4 Dodging
 - Level 3.1 Spellcasting
 - Level 4.2 Conjurations
 * Level 5.0 Invocations


You had 12 spell levels left.
You knew the following spells:

 Your Spells              Type           Power        Failure   Level  Hunger
a - Blink                 Tloc           N/A          47%         2    ###....
b - Mephitic Cloud        Conj/Pois/Air  #.......     52%         3    ###....

Your spell library contained the following spells:

 Spells                   Type           Power        Failure   Level  Hunger
 Magic Dart               Conj           ##..         6%          1    #......
 Animate Skeleton         Necr           N/A          34%         1    #......
 Corona                   Hex            #......      34%         1    #......
 Pain                     Necr           #...         34%         1    #......
 Sting                    Tmut/Pois      #...         34%         1    #......
 Conjure Flame            Conj/Fire      #.......     41%         3    ###....
 Dazzling Flash           Conj/Hex       #.....       41%         3    ###....
 Call Imp                 Summ           #.......     47%         2    ###....
 Ensorcelled Hibernation  Hex/Ice        #.....       47%         2    ###....
 Slow                     Hex            #.......     47%         2    ###....
 Confusing Touch          Hex            #.......     71%         3    ###....
 Tukima's Dance           Hex            #.......     71%         3    ###....
 Vampiric Draining        Necr           #.........   71%         3    ###....
 Animate Dead             Necr           N/A          98%         4    #####..
 Agony                    Necr           #.......     100%        5    ######.
 Blade Hands              Tmut           #.........   100%        5    ######.
 Dispersal                Tloc           #.........   100%        6    #######
 Controlled Blink         Tloc           N/A          100%        8    #######


Dungeon Overview and Level Annotations

Branches:
Dungeon (11/15)            Temple (1/1) D:4            Lair (0/6) D:11
    Orc (0/2) D:9

Altars:
Ashenzari
Cheibriados
Dithmenos
Fedhas
Gozag
Hepliaklqana
Kikubaaqudgha
Makhleb
Nemelex Xobeh
Okawaru
Qazlal
Ru
Sif Muna
Trog
Uskayaw
Vehumet
Wu Jian
Xom
Yredelemnul
The Shining One
Lugonu

Shops:
D:4 !

Annotations:
D:5 3 runed translucent doors, funkygono's ghost, amateur GrFi
Abyss:1 Harold


Innate Abilities, Weirdness & Mutations

You are resistant to torment.
Your stone body is resilient. (AC +8)
You are immune to poison.
You resist negative energy. (rN+)
You are resistant to electric shocks. (rElec)
You can survive without breathing.
You are immune to petrification.
You are immune to rotting.


Message History

Press: ? - help, Shift-Dir - straight line, f/p - five-headed hydra
Aim: a five-headed hydra (heavily wounded, chance to defeat MR: 15%)
The five-headed hydra resists with almost no effort.
The crimson imp blinks!
The five-headed hydra barely misses you.
The five-headed hydra bites you!
* * * LOW HITPOINT WARNING * * *
The five-headed hydra misses you.
The five-headed hydra bites you but does no damage. x2
Unknown command.
Firing (i - inventory. (/) - cycle)
n - 156 stones (quivered)
Press: ? - help, Shift-Dir - straight line, f/p - five-headed hydra
Aim: a five-headed hydra (heavily wounded)
You shoot a stone. The stone hits the five-headed hydra!
The five-headed hydra is severely wounded.
A hound comes into view.
The five-headed hydra bites you but does no damage.
The five-headed hydra bites you!
You die...
Fedhas appreciates your contribution to the ecosystem.

..............### #
................######^..#
...<..........#........... #
...[.[...................# .
#............##......... .
##..........###......... ##.
###.>#########..##P.### #J.
#....#......##..##J.##########tu
##.............@Do5>(u(.(()(a.J5
###.#...........###ah##########.a
....#..........## #..#### ..o
.##............# ##...># ...
.##.#..........# #.....# #...
.####..........# #.##.........#
.# ##........## #.# #....#..<. .#
##........## #.# ###^# .. .#
#..........# #.# .


You could see a five-headed hydra, a brown ugly thing, a hound, a jelly, a
worker ant, a shadow imp and an orc.

Vanquished Creatures
  A hydra (D:11)
  A centaur warrior (D:10)
  3 two-headed ogres
  A deep elf knight (D:10)
  An unseen horror (D:10)
  2 orc sorcerers (D:10)
  2 ugly things (D:11)
  3 centaur zombies (D:10)
  A gargoyle (D:10)
  A yaktaur (D:11)
  A kobold demonologist (D:10)
  A troll (D:9)
  A hippogriff (D:10)
  A centaur simulacrum (D:10)
  13 yaks (D:10)
  Eustachio (D:5)
  A fire bat (D:4)
  5 hungry ghosts
  Duvessa (D:7)
  2 sky beasts
  3 ice beasts
  6 orc warriors
  2 black bears
  2 phantoms
  4 ogres
  2 necrophages
  3 centaurs
  7 bullfrogs
  Dowan (D:7)
  4 scorpions
  6 killer bees
  2 wights (D:10)
  2 howler monkeys
  6 crimson imps
  A bullfrog zombie (D:6)
  A centaur skeleton (D:10)
  2 hounds
  2 bullfrog skeletons
  8 orc priests
  Crazy Yiuf (D:5)
  3 jellies
  8 orc wizards
  Natasha (thrice) (D:3)
  2 iguanas
  9 worker ants
  A killer bee zombie (D:8)
  2 hound zombies
  A worker ant zombie (D:9)
  4 gnolls
  A howler monkey skeleton (D:10)
  9 adders
  3 shadow imps
  2 oozes
  2 worms (D:3)
  2 dart slugs
  6 leopard geckos
  33 orcs
  A ball python (D:4)
  4 giant cockroaches
  7 goblins
  9 hobgoblins
  17 jackals
  3 kobolds
  4 quokkas
  12 bats
  2 frilled lizards
  A quokka zombie (D:7)
  8 rats
267 creatures vanquished.

Vanquished Creatures (collateral kills)
  A wight (D:10)
  2 ballistomycete spores (D:11)
3 creatures vanquished.

Grand Total: 270 creatures vanquished

Notes
Turn   | Place    | Note
-------+----------+-------------------------------------------
     0 | D:1      | gruber the Gargoyle Gladiator began the quest for the Orb.
     0 | D:1      | Reached XP level 1. HP: 12/12 MP: 1/1
    96 | D:1      | Reached XP level 2. HP: 11/17 MP: 2/2
   424 | D:1      | Reached XP level 3. HP: 15/21 MP: 3/3
   871 | D:2      | Noticed a necrophage
   895 | D:2      | Killed a necrophage
   895 | D:2      | Reached skill level 5 in Staves
   895 | D:2      | Reached XP level 4. HP: 26/26 MP: 4/4
   895 | D:2      | Reached XP level 5. HP: 30/30 MP: 5/5
   958 | D:2      | Found an iron altar of Okawaru.
  1018 | D:2      | Found an ornate altar of the Wu Jian Council.
  1082 | D:2      | Found a hazy altar of Hepliaklqana.
  1487 | D:3      | Noticed a centaur
  1510 | D:3      | Killed a centaur
  1510 | D:3      | Reached XP level 6. HP: 3/35 MP: 6/6
  1986 | D:3      | Reached skill level 1 in Slings
  2188 | D:3      | Noticed Natasha
  2195 | D:3      | Killed Natasha
  2221 | D:3      | Found a sparkling altar of Nemelex Xobeh.
  2322 | D:3      | Noticed Natasha
  2332 | D:3      | Killed Natasha
  2473 | D:3      | Noticed Natasha
  2487 | D:3      | Killed Natasha
  3106 | D:4      | Reached XP level 7. HP: 36/40 MP: 7/7
  3947 | D:4      | Found Waona's Distillery.
  3950 | D:4      | Bought a potion of degeneration for 13 gold pieces
  3950 | D:4      | Bought a potion of might for 52 gold pieces
  3950 | D:4      | Bought a potion of curing for 39 gold pieces
  3950 | D:4      | Bought a potion of resistance for 130 gold pieces
  4019 | D:4      | Found a staircase to the Ecumenical Temple.
  4032 | Temple   | Entered the Ecumenical Temple
  4066 | Temple   | Became a worshipper of Fedhas Madash
  4117 | D:5      | Entered Level 5 of the Dungeon
  4117 | D:5      | Noticed Edmund
  4141 | D:4      | Noticed Edmund
  4141 | D:4      | Edmund changed into Edmund the fire bat
  4161 | D:4      | Reached skill level 5 in Slings
  4171 | D:4      | Killed Edmund the fire bat
  4428 | D:5      | Reached XP level 8. HP: 44/44 MP: 8/8
  4474 | D:5      | Found a runed translucent gate.
  4476 | D:5      | Found a runed translucent gate.
  4478 | D:5      | Found a runed translucent gate.
  4479 | D:5      | Noticed funkygono's ghost (amateur GrFi)
  5332 | D:5      | Reached skill level 3 in Fighting
  5435 | D:5      | Noticed Eustachio
  5448 | D:5      | Killed Eustachio
  5448 | D:5      | Reached skill level 4 in Fighting
  5475 | D:5      | Found a runed translucent door.
  5476 | D:5      | Noticed Crazy Yiuf
  5532 | D:5      | Killed Crazy Yiuf
  5634 | D:6      | Reached * piety under Fedhas
  5640 | D:6      | You fall into a shaft and drop 1 floor!
  5647 | D:7      | Learned a level 2 spell: Blink
  5651 | D:7      | Learned a level 3 spell: Mephitic Cloud
  5794 | D:7      | Reached skill level 5 in Fighting
  5794 | D:7      | Reached skill level 1 in Conjurations
  5899 | D:7      | Noticed Duvessa
  5903 | D:7      | Noticed Dowan
  5912 | D:7      | Killed Duvessa
  5912 | D:7      | Reached XP level 9. HP: 39/54 MP: 9/9
  5931 | D:7      | Killed Dowan
  6042 | D:7      | Reached skill level 1 in Spellcasting
  6293 | D:7      | Found an ancient bone altar of Kikubaaqudgha.
  6480 | D:8      | Found a radiant altar of Vehumet.
  6481 | D:8      | Found a burning altar of Makhleb.
  6658 | D:8      | Reached skill level 1 in Armour
  6709 | D:8      | Found a shadowy altar of Dithmenos.
  6847 | D:8      | Noticed a two-headed ogre
  6940 | D:8      | Killed a two-headed ogre
  6940 | D:8      | Reached skill level 5 in Armour
  7168 | D:8      | Found a sacrificial altar of Ru.
  7228 | D:8      | Found an opulent altar of Gozag.
  7369 | D:8      | Got an ancient ring mail
  7380 | D:8      | Identified the +1 ring mail of the Apothecary {*Slow rPois
                  | rN+ Int+3} (You found it on level 8 of the Dungeon)
  7436 | D:8      | Got a transparent rapier
  7437 | D:8      | Identified the cursed +0 rapier of Mef Ylyn {venom, rN+
                  | SInv} (You found it on level 8 of the Dungeon)
  7641 | D:8      | Found a stormy altar of Qazlal.
  7778 | D:9      | Reached XP level 10. HP: 50/59 MP: 14/14
  8061 | D:9      | Noticed a two-headed ogre
  8067 | D:9      | Killed a two-headed ogre
  8243 | D:9      | Noticed Harold
  8256 | D:9      | Banished Harold
  8256 | D:9      | Reached skill level 6 in Fighting
  8281 | D:9      | Reached ** piety under Fedhas
  8287 | D:9      | Found a staircase to the Orcish Mines.
  8608 | D:9      | Reached skill level 7 in Fighting
  9087 | D:10     | Entered Level 10 of the Dungeon
  9284 | D:10     | Reached skill level 8 in Fighting
  9477 | D:10     | Reached skill level 9 in Fighting
  9888 | D:10     | Reached XP level 11. HP: 72/72 MP: 15/15
  9948 | D:10     | Reached skill level 10 in Fighting
 10015 | D:10     | HP: 1/73 [yak (10)]
 10626 | D:10     | Noticed an orc sorcerer
 10638 | D:10     | Paralysed by an orc sorcerer for 4 turns
 10660 | D:10     | Killed an orc sorcerer
 10660 | D:10     | Reached skill level 11 in Fighting
 10692 | D:10     | Identified the ring "Naopom" {+Fly Str+3}
 10692 | D:10     | Noticed an orc sorcerer
 10706 | D:10     | Killed an orc sorcerer
 11075 | D:10     | Reached *** piety under Fedhas
 11301 | D:10     | Killed an unseen horror
 11301 | D:10     | Reached skill level 12 in Fighting
 11406 | D:10     | Noticed a deep elf knight
 11421 | D:10     | Killed a deep elf knight
 11589 | D:10     | Noticed a centaur warrior
 11603 | D:10     | Killed a centaur warrior
 11603 | D:10     | Reached skill level 13 in Fighting
 11987 | D:10     | Identified Jahea's Grimoire of Displaced Transmutation
 12476 | D:10     | Reached XP level 12. HP: 73/84 MP: 16/16
 12540 | D:11     | Noticed a seven-headed hydra
 12939 | D:11     | Noticed a two-headed ogre
 12941 | D:11     | Reached **** piety under Fedhas
 12979 | D:10     | Killed a two-headed ogre
 12979 | D:10     | Reached skill level 14 in Fighting
 13197 | D:11     | Reached skill level 1 in Invocations
 13202 | D:11     | Killed a seven-headed hydra
 13665 | D:11     | Found a staircase to the Lair.
 13716 | D:11     | Noticed a five-headed hydra
 13739 | D:11     | Reached skill level 5 in Invocations
 13746 | D:11     | Mangled by a five-headed hydra

Illustrated notes

Levels and vault maps discovered:
D:1:      arrival_zaba_pyramid, layout_rooms, solitary_fountain
D:2:      layout_basic, lemuel_doored_altar, lemuel_crystal_altar,
          nicolae_overflow_crystal_walls
D:3:      wad_river_or_something, layout_loops_ring,
          nemelex_xobeh_ov_fountains_minmay, first_ration, nrook_loot_triangle,
          grunt_decor_clamped, uniq_natasha
D:4:      layout_basic, minmay_temple_entry_statues_pillars, serial_shops,
          kennysheep_mini
D:5:      layout_loops_corners, gammafunk_ghost_necromancy,
          uniq_crazy_yiuf_cottage, uniq_edmund, uniq_eustachio
D:6:      minmay_flawed_box, layout_loops_ring, kennysheep_mini_moat,
          elyvilon_altar_5, serial_glass, glass_columns_a, glass_columns_b,
          item_on_display_a, minmay_strange_pillars, due_unseen_surprise
D:7:      layout_basic, marbit_many_paths, uniq_duvessa
D:8:      layout_loops_ring, grunt_temple_overflow_lords_of_destruction,
          nicolae_ru_awakened_eye, nicolae_gozag_seed_capital,
          lemuel_coloured_pillars_altar, nicolae_qazlal_eye_of_the_storm
D:9:      layout_basic, orc_david_3, grunt_ogre_cave, uniq_harold
D:10:     minmay_the_grid_3x2 [minmay_the_grid_gridbox, minmay_the_grid_expand,
          minmay_the_grid_large_cup, minmay_the_grid_eight,
          minmay_the_grid_tri_star, minmay_the_grid_prize_trominoes],
          layout_layer_cave, enter_bailey_2, grunt_decor_mini_mirrors,
          grunt_ministairs_14, minmay_misc_feat_secret_circle,
          minmay_fountain_box, nrook_mini_backslash
D:11:     layout_rooms, lair_entry_dummy, minmay_misc_feat_x
Temple:   corrupted_temple

Skill      XL: |  1  2  3  4  5  6  7  8  9 10 11 12 |
---------------+-------------------------------------+-----
Staves         | 4 5 6 |  6.5
Slings         | 3 5 7 |  7.0
Fighting       | 5 9 13 14 | 14.2
Conjurations   | 3 4 |  4.2
Spellcasting   | 3 |  3.1
Armour         | 7 9 |  9.0
Invocations    | 5 |  5.0
Throwing       | |  1.7
Dodging        | |  2.4

Action                   |  1- 3 |  4- 6 |  7- 9 | 10-12 || total
-------------------------+-------+-------+-------+-------++-------
Melee: Quarterstaff      |    71 |    38 |   174 |   303 ||   586
       Flail             |       |       |    10 |     2 ||    12
 Fire: Hunting sling     |     8 |   136 |   214 |   356 ||   714
Throw: Throwing net      |       |       |     4 |     1 ||     5
Invok: Wall of Briars    |       |       |       |     2 ||     2
       Grow Ballistomyce |       |       |       |     3 ||     3
Evoke: Wand              |       |       |     7 |     2 ||     9
  Use: Potion            |       |       |     2 |       ||     2
       Scroll            |       |       |     1 |       ||     1
 Stab: Paralysed         |       |       |     8 |     2 ||    10
       Held in net/web   |       |       |     1 |     2 ||     3
  Eat: Chunk             |       |     6 |    15 |    20 ||    41
       Ration            |       |       |       |     2 ||     2
Armor: Leather armour    |    53 |    22 |    94 |       ||   169
       Ring mail         |       |       |     5 |   298 ||   303
Dodge: Dodged            |    71 |    52 |   167 |   352 ||   642
